Map: Jagannatha LE

Players

RiSky

  • Race: Zerg Zerg
  • Spawn Location: 1:00

Probe - Winner!

  • Race: Protoss Protoss
  • Spawn Location: 7:00

Event: DreamHack SC2 Masters 2020 Winter

VOD

Have the link to the VOD?

Description

Time

  • Played on: Oct. 21, 2020, 6:52 a.m.
  • Length: 14:36

All games in this series

Show
View Real Time Build Order
Export as new Build Order

RiSky Zerg 

Build Orders: Pool First 

Get SALT Encoding   

  12  0:17  Spawning Pool  
  11  0:22  Drone  
  11  0:26  Drone  
  13  0:30  Drone  
  14  0:39  Overlord  
  14  1:04  Zergling x4  
  16  1:05  Zergling x2  
  17  1:11  Queen  
  17  1:16  Zergling x2  
  20  1:30  Hatchery  
  19  1:34  Drone  
  20  1:41  Overlord  
  20  1:51  Drone  
  21  2:00  Drone  
  22  2:07  Queen  
  23  2:16  Drone  
  23  2:22  Drone x3  
  27  2:34  Drone x2  
  29  2:38  Extractor  
  29  2:42  Queen  
  30  2:44  Overlord  
  30  2:46  Drone  
  31  2:54  Zergling x2  
  31  2:58  Zergling x2  
  33  3:05  Zergling x2  
  34  3:11  Hatchery  
  33  3:13  Overlord  
  33  3:20  Drone  
  33  3:21  Drone  
  33  3:23  Drone  
  33  3:25  Drone  
  37  3:31  Drone  
  37  3:33  Drone  
  39  3:35  Drone  
  39  3:39  Drone  
  41  3:48  Drone, Spore Crawler  
  42  3:49  Metabolic Boost  
  42  3:51  Drone  
  42  3:57  Evolution Chamber  
  42  4:01  Zergling x2  
  42  4:07  Spore Crawler  
  40  4:11  Drone  
  40  4:12  Drone  
  40  4:13  Drone x2  
  43  4:19  Drone x3  
  43  4:24  Drone x2  
  49  4:30  Drone, Roach Warren  
  49  4:33  Extractor  
  49  4:34  Drone  
  49  4:40  Overlord  
  49  4:41  Drone x2  
  51  4:46  Drone x3  
  54  4:53  Overlord  
  54  5:10  Roach x5  
  54  5:11  Zergling x2  
  54  5:12  Zergling x8  
  69  5:14  Spine Crawler  
  69  5:19  Zergling x8  
  72  5:23  Zergling x2  
  72  5:24  Zergling x2  
  74  5:29  Spore Crawler  
  73  5:41  Spore Crawler  
  72  5:48  Spore Crawler  
  71  5:51  Drone x4  
  73  5:57  Lair  
  73  5:58  Spore Crawler  
  73  5:59  Overlord  
  73  6:01  Overlord  
  73  6:03  Overlord  
  72  6:07  Overlord  
  72  6:08  Drone, Overlord  
  73  6:11  Drone  
  73  6:15  Overlord  
  73  6:17  Queen  
  76  6:21  Drone x4  
  76  6:22  Overlord  
  76  6:24  Drone x2  
  81  6:29  Roach  
  82  6:35  Evolution Chamber  
  82  6:36  Extractor  
  82  6:38  Roach x3  
  84  6:42  Roach  
  84  6:47  Roach x5  
  86  6:54  Roach x2  
  86  6:57  Queen x2  
  86  6:59  Ravager  
  87  7:04  Overseer  
  87  7:07  Drone x5  
  92  7:08  Drone  
  92  7:13  Drone x2  
  92  7:14  Drone x2  
  96  7:15  Zerg Melee Weapons Level 1  
  96  7:16  Drone  
  96  7:18  Extractor  
  96  7:20  Extractor  
  96  7:21  Extractor  
  94  7:23  Drone  
  94  7:25  Drone  
  94  7:27  Drone  
  97  7:32  Drone x2  
  97  7:34  Drone x2  
  101  7:38  Overseer  
  101  7:39  Overlord  
  101  7:40  Drone  
  101  7:42  Hatchery  
  101  7:44  Drone  
  101  7:49  Overlord  
  101  7:50  Drone  
  101  7:51  Drone  
  104  8:00  Overlord  
  104  8:05  Overseer  
  101  8:06  Drone x2  
  101  8:10  Drone x3  
  106  8:13  Glial Reconstitution  
  106  8:14  Baneling Nest  
  106  8:15  Roach x3  
  106  8:16  Roach  
  113  8:21  Overlord  
  113  8:22  Roach x3  
  113  8:24  Overlord  
  119  8:28  Overlord  
  118  8:41  Drone x3  
  118  8:45  Roach x4  
  127  8:54  Drone x6  
  127  8:55  Drone x2  
  135  8:57  Drone  
  135  8:59  Spore Crawler  
  135  9:00  Drone x2  
  137  9:05  Drone  
  137  9:06  Drone x2, Centrifical Hooks  
  139  9:14  Roach  
  139  9:15  Roach x3  
  141  9:18  Roach x3  
  141  9:23  Roach x3  
  145  9:33  Hatchery, Overlord  
  141  9:38  Zerg Melee Weapons Level 2  
  141  9:40  Spire  
  141  9:44  Overlord x2  
  140  9:46  Drone x5  
  140  9:47  Queen  
  140  9:52  Drone x2  
  149  9:57  Drone  
  150  10:03  Drone x2  
  150  10:05  Infestation Pit  
  151  10:14  Extractor, Zergling x4  
  151  10:15  Extractor, Zergling x16  
  159  10:22  Zergling x8  
  163  10:33  Zergling x12  
  169  10:43  Ravager x4  
  169  10:45  Overlord x2  
  172  10:51  Overseer  
  172  10:55  Mutalisk  
  172  10:56  Mutalisk x10  
  194  11:00  Mutalisk  
  194  11:01  Mutalisk x2  
  194  11:03  Zerg Flyer Weapons Level 1  
  199  11:08  Baneling x9  
  199  11:09  Extractor  
  199  11:11  Extractor  
  197  11:16  Baneling x6  
  197  11:25  Zergling x4  
  199  11:28  Baneling x4  
  199  11:29  Baneling x6  
  199  11:30  Spine Crawler x2  
  199  11:31  Spore Crawler  
  197  11:32  Zergling x2  
  197  11:33  Zergling x6  
  200  11:43  Baneling x7  
  196  11:51  Ravager x2  
  196  11:52  Baneling x2  
  187  11:54  Zergling x24  
  187  11:55  Zerg Missile Weapons Level 1  
  187  11:57  Zergling x14  
  185  12:06  Zergling x6  
  185  12:07  Zergling x4  
  159  12:11  Roach x4  
  159  12:12  Ravager  
  154  12:18  Roach x2  
  154  12:19  Baneling x12  
  146  12:23  Roach  
  146  12:28  Roach x2  
  147  12:33  Roach  
  144  12:38  Roach x2  
  144  12:43  Overseer  
  137  12:47  Drone x2  
  137  12:50  Hatchery  
  135  12:57  Zergling x2  
  136  13:00  Ravager x4  
  140  13:06  Zergling x4  
  140  13:11  Hatchery  
  131  13:13  Zergling x4  
  131  13:17  Zergling x4  
  135  13:21  Zergling x2  
  126  13:30  Zergling x8  
  106  13:55  Baneling  
  106  13:56  Baneling  
Show
View Real Time Build Order
Export as new Build Order

Probe Protoss - Winner!

Build Orders: Archon Immortal, Archon Drop 

Get SALT Encoding   

  12  0:00  Probe  
  13  0:12  Probe  
  14  0:20  Pylon  
  14  0:24  Probe  
  15  0:38  Probe (Chrono Boost)  
  16  0:45  Gateway  
  16  0:47  Probe (Chrono Boost)  
  17  0:51  Assimilator  
  17  0:52  Probe (Chrono Boost)  
  18  1:04  Probe  
  19  1:20  Gateway  
  19  1:30  Zealot (Chrono Boost)  
  19  1:32  Cybernetics Core  
  21  1:36  Pylon  
  21  1:49  Zealot  
  23  2:03  Probe  
  23  2:08  Adept  
  23  2:15  Probe (Chrono Boost)  
  26  2:16  Adept  
  28  2:27  Probe (Chrono Boost)  
  28  2:28  Nexus  
  29  2:32  Probe (Chrono Boost)  
  30  2:40  Pylon  
  30  2:43  Probe  
  31  2:52  Assimilator  
  31  2:53  Warp Gate  
  31  2:58  Probe  
  32  3:10  Probe  
  32  3:11  Twilight Council  
  33  3:22  Probe  
  34  3:34  Probe  
  34  3:40  Robotics Facility  
  35  3:46  Probe  
  36  3:50  Probe  
  35  3:58  Probe  
  37  4:02  Probe (Chrono Boost)  
  35  4:10  Probe (Chrono Boost), Dark Shrine  
  35  4:15  Probe (Chrono Boost)  
  37  4:17  Gateway  
  37  4:20  Probe (Chrono Boost)  
  37  4:21  Probe (Chrono Boost)  
  37  4:25  Warp Prism (Chrono Boost), Probe (Chrono Boost)  
  37  4:29  Probe  
  41  4:37  Probe  
  42  4:40  Assimilator  
  42  4:41  Probe  
  42  4:42  Stalker  
  42  4:44  Assimilator  
  45  4:47  Adept  
  45  4:49  Probe  
  48  4:53  Probe  
  48  4:55  Pylon  
  48  4:59  Pylon  
  49  5:01  Probe  
  49  5:05  Probe  
  51  5:13  Pylon, Probe  
  52  5:17  Probe  
  53  5:22  Observer  
  53  5:23  Dark Templar x3  
  53  5:25  Probe  
  53  5:26  Pylon  
  61  5:29  Probe  
  62  5:37  Probe  
  62  5:41  Probe  
  62  5:42  Immortal (Chrono Boost)  
  64  5:49  Probe  
  69  5:53  Probe  
  70  6:00  Forge  
  70  6:01  Probe  
  70  6:02  Gateway  
  71  6:05  Probe  
  72  6:12  Sentry  
  72  6:13  Probe, Sentry, Immortal (Chrono Boost)  
  81  6:19  Archon  
  81  6:20  Dark Templar  
  83  6:27  Archon, Nexus  
  83  6:28  Pylon  
  83  6:31  Probe  
  84  6:37  Dark Templar  
  86  6:42  Probe  
  86  6:43  Probe  
  86  6:46  Shield Battery  
  84  6:49  Pylon, Immortal (Chrono Boost)  
  84  6:54  Probe  
  85  6:55  Probe  
  81  7:03  Protoss Ground Weapons Level 1 (Chrono Boost)  
  81  7:06  Probe  
  81  7:08  Probe  
  79  7:14  Charge (Chrono Boost), Dark Templar x2  
  83  7:18  Probe  
  83  7:20  Probe  
  85  7:24  Adept  
  85  7:26  Archon  
  85  7:27  Pylon  
  87  7:30  Probe  
  87  7:32  Probe  
  87  7:34  Gateway  
  87  7:35  Gateway  
  89  7:40  Pylon  
  89  7:42  Probe  
  89  7:43  Probe  
  91  7:49  Probe  
  92  7:53  Sentry x3  
  92  7:56  Assimilator  
  92  7:57  Assimilator  
  98  8:02  Immortal (Chrono Boost)  
  98  8:03  Probe  
  101  8:07  Gateway  
  101  8:10  Gateway  
  101  8:11  Probe  
  102  8:16  Zealot x4  
  110  8:38  Immortal (Chrono Boost)  
  109  8:43  Templar Archives  
  109  8:46  Pylon  
  113  8:48  Nexus  
  113  8:51  Zealot x5  
  123  8:56  Probe  
  123  8:57  Probe  
  123  8:59  Pylon  
  125  9:06  Probe  
  126  9:15  Zealot x3  
  126  9:17  Psionic Storm  
  132  9:21  Probe  
  132  9:23  Probe  
  128  9:25  Immortal (Chrono Boost)  
  128  9:28  High Templar x3  
  128  9:30  High Templar x2  
  136  9:31  Probe  
  136  9:33  Probe  
  136  9:34  Protoss Ground Weapons Level 2 (Chrono Boost)  
  136  9:35  Probe  
  135  9:43  Probe  
  136  9:46  Assimilator  
  136  9:48  Zealot  
  136  9:49  Zealot  
  136  9:51  Assimilator  
  140  10:01  Immortal (Chrono Boost)  
  140  10:06  Shield Battery  
  144  10:07  Photon Cannon  
  144  10:08  Shield Battery  
  144  10:09  Shield Battery  
  144  10:10  Zealot x2  
  144  10:11  Shield Battery  
  144  10:25  High Templar  
  144  10:26  High Templar x3  
  152  10:33  Photon Cannon x2  
  152  10:34  Archon x2  
  152  10:35  High Templar x2, Photon Cannon, Shield Battery  
  156  10:45  Gateway  
  156  10:48  Gateway  
  154  10:50  Archon  
  154  10:56  Zealot  
  156  11:01  Pylon  
  156  11:03  Pylon  
  156  11:04  Pylon  
  156  11:05  Pylon  
  156  11:08  Pylon  
  156  11:11  Pylon  
  156  11:21  Zealot x4  
  156  11:22  Dark Templar x4  
  156  11:25  Observer (Chrono Boost)  
  173  11:32  Photon Cannon  
  173  11:40  Photon Cannon x2  
  173  11:42  Stalker  
  173  11:43  Stalker x5  
  178  11:57  Stalker  
  178  11:58  Stalker x3  
  168  12:08  Stalker x6  
  171  12:22  Probe  
  161  12:32  Probe x3  
  158  12:40  High Templar  
  158  12:41  High Templar x6  
  168  12:45  Probe x2  
  168  12:46  Archon x3, Immortal (Chrono Boost)  
  168  12:50  Probe x2  
  176  12:57  Probe  
  173  13:01  Zealot x3  
  179  13:10  Pylon  
  177  13:14  High Templar x2  
  177  13:15  Zealot x5  
  191  13:21  Probe x2  
  182  13:27  Archon  
  182  13:29  Zealot  
  182  13:30  Zealot x2  
  161  13:36  Probe  
  161  13:38  High Templar x2  
  161  13:39  High Templar  
  166  13:43  Zealot x2  
  170  13:50  Zealot x5  
  180  14:01  Photon Cannon  
  180  14:11  Zealot x7  
  180  14:12  Zealot x3  
Tags
 
Add a new tag
Caveats
  • Supply blocks, unpowered buildings, or Contaminate may cause inaccurate times.
  • Supply counts are checked every 10 seconds.